 Dungeon Crawl Stone Soup version 0.21.1-1-g345015f (webtiles) character file.

339 zaxin the Magician (level 6, -2/42 HPs)
             Began as a Mummy Fire Elementalist on June 9, 2018.
             Was an Initiate of Gozag.
             Slain by an orc wizard
             ... wielding a cursed -2 dagger
              (3 damage)
             ... on level 4 of the Dungeon.
             The game lasted 00:16:38 (4453 turns).

zaxin the Magician (Mummy Fire Elementalist)        Turns: 4453, Time: 00:16:41

Health: -2/42      AC:  3    Str: 11    XL:     6   Next: 29%
Magic:  6/14       EV: 12    Int: 17    God:    Gozag
Gold:   195        SH:  0    Dex: 12    Spells: 11/15 levels left

rFire    x . .     SeeInvis .   k - staff of cold
rCold    + + .     Gourm    .   (no shield)
rNeg     + + +     Faith    .   a - +0 robe
rPois    ∞         Spirit   .   g - +0 helmet
rElec    .         Reflect  .   (no cloak)
rCorr    .         Harm     .   (no gloves)
MR       .....                  (no boots)
Stlth    ++........             (no amulet)
HPRegen  0.14/turn              (no ring)
MPRegen  0.14/turn              (no ring)

@: no status effects
A: no food or potions, fire vulnerability, cold resistance 1, negative energy
resistance 3, torment resistance, unbreathing
a: Potion Petition, Call Merchant, Bribe Branch, Renounce Religion


You were on level 4 of the Dungeon.
You worshipped Gozag.
Gozag was aware of your devotion.
You were not hungry.

You visited 2 branches of the dungeon, and saw 6 of its levels.

You collected 294 gold pieces.
You paid 99 gold pieces to Gozag.

Inventory:

Armour
 a - a +0 robe (worn)
 g - a +0 helmet (worn)
Magical Staves
 k - an uncursed staff of cold (weapon)
Wands
 h - a wand of flame (31)
 m - a wand of digging (9)
Scrolls
 c - 4 scrolls of teleportation {unknown}
 d - 2 scrolls of fog {unknown}
 e - a scroll of random uselessness {unknown}
 f - 4 scrolls of identify {unknown}
 i - a scroll of enchant armour {unknown}
 j - 2 scrolls of noise {unknown}
 l - a scroll of amnesia {unknown}
Books
 b - a book of Flames

   Spells                             Type                      Level
   a - Flame Tongue                   Conjuration/Fire             1
   b - Throw Flame                    Conjuration/Fire             2
   c - Conjure Flame                  Conjuration/Fire             3
   d - Inner Flame                    Hexes/Fire                   3
   e - Sticky Flame                   Conjuration/Fire             4
   f - Fireball                       Conjuration/Fire             5


   Skills:
 + Level 0.5 Fighting
 + Level 2.1 Dodging
 + Level 1.9 Stealth
 + Level 0.2 Unarmed Combat
 * Level 5.4 Spellcasting
 + Level 2.2 Conjurations
 + Level 3.8 Fire Magic


You had 11 spell levels left.
You knew the following spells:

 Your Spells              Type           Power        Failure   Level  Hunger
a - Flame Tongue          Conj/Fire      ##...        4%          1    N/A
b - Conjure Flame         Conj/Fire      ##......     12%         3    N/A

Dungeon Overview and Level Annotations

Branches:
Dungeon (5/15)             Temple (1/1) D:4

Altars:
Ashenzari
Dithmenos
Elyvilon
Gozag
Kikubaaqudgha
Okawaru
Qazlal
Ru
Sif Muna
Trog
Uskayaw
Xom
Yredelemnul
Zin


Innate Abilities, Weirdness & Mutations

You do not eat or drink.
Your flesh is vulnerable to fire.
You are immune to poison.
Your flesh is cold resistant. (rC+)
You are immune to negative energy. (rN+++)
You are immune to unholy pain and torment.
You can survive without breathing.


Message History

The orc hits you with a short sword.
The orc hits you with an enchanted hand axe.
* * * LOW HITPOINT WARNING * * *
The orc wizard hits you with a dagger.
* * * LOW HITPOINT WARNING * * *
Something hits you.
* * * LOW HITPOINT WARNING * * *
Casting: Flame Tongue
Confirm with . or Enter, or press ? or * to list all spells.
Aiming: Flame Tongue
Press: ? - help, Shift-Dir - straight line, f/p - orc wizard
Aim: an orc wizard, wielding a dagger and wearing a robe (heavily wounded)
The flame tongue hits the orc wizard.
The orc wizard is severely wounded.
The orc barely misses you.
The orc hits you with an enchanted hand axe.
* * * LOW HITPOINT WARNING * * *
The orc wizard hits you with a dagger.
You die...
Your body crumbles into a pile of gold.

#...#....###########.........#.
#...#.....#..................#.
#...##...##.......##...##....#.
###...###'###.......#######....#.
............#............# ....##
..........[..%...........# ....##
.........###'###...........[.....
.........#.....#oo........)......
.........#.⌠.⌠.#@...##...##......
.####.##.'..>..'o...#######....##
. #+####.⌠.⌠.#.....# #######
#....#.....#.....# #.
#....###'###.....# #.
+................# #.
#................# #.
#................# #.
#...##.#..#....### ##


You could see an orc wizard and 2 orcs.

Vanquished Creatures
  A phantom (D:3)
  An ogre (D:2)
  An iguana (D:3)
  A worker ant (D:4)
  Robin (D:2)
  2 adders (D:2)
  An ooze (D:3)
  An adder skeleton (D:4)
  4 worms
  2 dart slugs (D:1)
  2 leopard geckos
  6 orcs (D:3)
  A giant cockroach (D:1)
  13 goblins
  6 hobgoblins
  6 kobolds
  2 quokkas
  9 bats
  A frilled lizard (D:1)
  12 rats
73 creatures vanquished.

Notes
Turn   | Place    | Note
-------+----------+-------------------------------------------
     0 | D:1      | zaxin the Mummy Fire Elementalist began the quest for the Orb.
     0 | D:1      | Reached XP level 1. HP: 13/13 MP: 4/4
   103 | D:1      | Reached skill level 3 in Spellcasting
   251 | D:1      | Reached XP level 2. HP: 19/19 MP: 4/6
  1042 | D:2      | Reached XP level 3. HP: 24/24 MP: 4/7
  1316 | D:2      | Reached skill level 1 in Conjurations
  1471 | D:2      | Noticed Robin
  1619 | D:2      | Killed Robin
  1619 | D:2      | Reached skill level 4 in Spellcasting
  1619 | D:2      | Reached XP level 4. HP: 17/30 MP: 0/10
  1978 | D:2      | Learned a level 3 spell: Conjure Flame
  2014 | D:2      | Found an iron altar of Okawaru.
  2265 | D:3      | Noticed a phantom
  2565 | D:3      | Killed a phantom
  2565 | D:3      | Reached XP level 5. HP: 7/36 MP: 0/11
  2822 | D:3      | Noticed an ogre
  3370 | D:2      | Killed an ogre
  3370 | D:2      | Reached skill level 5 in Spellcasting
  3370 | D:2      | Reached XP level 6. HP: 32/42 MP: 6/13
  3533 | D:3      | Found a faded altar of an unknown god.
  3563 | D:3      | Noticed a moth of wrath
  3566 | D:3      | Found a bloodstained altar of Trog.
  4106 | D:4      | Found a staircase to the Ecumenical Temple.
  4141 | Temple   | Entered the Ecumenical Temple
  4368 | Temple   | Became a worshipper of Gozag Ym Sagoz the Greedy
  4437 | D:5      | Entered Level 5 of the Dungeon
  4453 | D:4      | HP: 1/42 [orc/enchanted hand axe (4)]
  4453 | D:4      | Slain by an orc wizard

Skill      XL: |  1  2  3  4  5 |
---------------+----------------+-----
Spellcasting   | 3 4 5 |  5.4
Conjurations   | 1 2 |  2.2
Fire Magic     | 3 |  3.8
Dodging        | 2 |  2.1
Fighting       | |  0.5
Stealth        | |  1.9
Unarmed Combat | |  0.2

Action                   |  1- 3 |  4- 6 || total
-------------------------+-------+-------++-------
Melee: Unarmed           |     2 |    10 ||    12
 Cast: Flame Tongue      |    76 |   109 ||   185
       Conjure Flame     |       |     1 ||     1
Armor: Robe              |     4 |     6 ||    10
Dodge: Dodged            |    27 |    41 ||    68
